 Dungeon Crawl Stone Soup version 0.31.0-12-g77e489cdc1 (webtiles) character file.

Game seed: 13455355355700820432

172 Rassilon the Trooper (level 5, 0/42 HPs)
             Began as a Demonspawn Monk on Feb 15, 2024.
             Slain by an adder (2 damage)
             ... on level 3 of the Dungeon.
             The game lasted 00:08:51 (1829 turns).

Rassilon the Trooper (Demonspawn Monk)              Turns: 1829, Time: 00:08:51

Health: 0/42       AC:  3    Str: 14    XL:     5   Next: 27%
Magic:  5/5        EV: 13    Int: 10    God:
Gold:   126        SH:  0    Dex: 15    Spells: 4/4 levels left

rFire   . . .        e - +0 long sword
rCold   . . .        (no shield)
rNeg    . . .        k - +0 leather armour
rPois   .            (helmet restricted)
rElec   .            (no cloak)
rCorr   .            (no gloves)
SInv    .            (no boots)
Will    .....        (no amulet)
Stlth   +            (no ring)
HPRegen 0.27/turn    (no ring)
MPRegen 0.09/turn

%: no passive effects
@: confused
A: antennae 1, claws 1, foul stench 1
a: no special abilities


You were on level 3 of the Dungeon.
You visited 1 branch of the dungeon, and saw 3 of its levels.

You collected 126 gold pieces.

Inventory:

Hand Weapons
 e - a +0 long sword (weapon)
Missiles
 i - 4 poisoned darts (quivered)
Armour
 k - a +0 leather armour (worn)
Scrolls
 b - a scroll of fog {unknown}
 c - a scroll of silence {unknown}
 h - 2 scrolls of teleportation {unknown}
 j - a scroll of blinking {unknown}


   Skills:
 + Level 3.9 Fighting
 + Level 1.6 Long Blades
 + Level 3.5 Dodging
 + Level 3.8 Unarmed Combat


You had 4 spell levels left.
You didn't know any spells.
Your spell library was empty.

Dungeon Overview and Level Annotations

Branches:
Dungeon (3/15)

Altars:


Innate Abilities, Weirdness & Mutations

You have a pair of small antennae on your head.
You have sharp fingernails.
You may rarely emit foul miasma when damaged in melee.


Message History

It was a potion of invisibility.
You fade into invisibility!
An adder comes into view.
Something hits you but does no damage. The orc priest closely misses you.
It was a potion of cancellation.
Your magical effects are unravelling.
You feel magically purged.
You flicker back into view.
You feel a little less mighty now.
The adder hisses angrily.
Something hits you.
* * * LOW HITPOINT WARNING * * *
The orc priest looks encouraged for a moment.
You slash the orc priest!
The orc priest is heavily wounded.
You hear some strange, mumbled words.
You are confused.
The orc priest closely misses you.
You closely miss the orc priest.
The orc priest is heavily wounded.
Something hits you.
* * * LOW HITPOINT WARNING * * *
You emit a cloud of foul miasma!
The orc priest casts a cantrip, but nothing happens.
The orc splashes around in the water.
An ice beast comes into view.
You hear some strange, mumbled words.
Something tries to affect you, but you resist.
You bump into the tree.
The orc hits you but does no damage.
The orc priest hits you with a +0 flail.
* * * LOW HITPOINT WARNING * * *
Reactivating autopickup.
You feel a bit more experienced.
You hit the orc but do no damage.
The orc splashes around in the water.
The orc priest closely misses you.
The orc priest looks encouraged for a moment.
The orc hits you but does no damage.
Things that are here:
a +0 dagger; a +0 robe The adder bites you.
You die...

#.....................
.........................
###### #...............#.
.....####..##.##.#.#......
.......##..##.##.#.#......
####.#.##..##.##..$..?....
'.......[...........>.....
####.#)♣♣♣♣♣♣.##.#.#......
# #.#~~~~♣~~♣..@○o.....#.
#.#~~~~P~~~PS♣♣.o......
####.#♣~~~≈≈≈≈~~~~)♣......
...#.~ ~~P~P≈~≈≈~~S~ ..##.
...'~~ ~~~~~~~~~~~~~~ .#
....♣. ..P♣~~~~~~P~Y~. ..
..... ...~....~~♣~♣.#. #.
..... .................
##P~~ ..............


You could see an orc priest, an adder and an orc.

Vanquished Creatures
  An orc priest (D:3)
  An orc wizard (D:3)
  A hound zombie (D:2)
  2 adders (D:2)
  4 adder zombies (D:2)
  A ribbon worm (D:2)
  A dart slug (D:1)
  4 orcs (D:3)
  4 ball pythons
  7 bats
  A bat skeleton (D:2)
  3 endoplasms (D:1)
  10 goblins
  3 hobgoblins (D:1)
  4 jackals (D:1)
  2 quokkas
  4 frilled lizards
  9 kobolds
  A quokka skeleton (D:2)
  3 quokka zombies (D:2)
  3 rats
69 creatures vanquished.

Notes
Turn   | Place    | Note
-------+----------+-------------------------------------------
     0 | D:1      | Rassilon the Demonspawn Monk began the quest for the Orb.
     0 | D:1      | Reached XP level 1. HP: 18/18 MP: 1/1
   147 | D:1      | Gained mutation: You may rarely emit foul miasma when
                  | damaged in melee. [demonic ancestry]
   147 | D:1      | Reached XP level 2. HP: 13/24 MP: 2/2
   413 | D:1      | Reached XP level 3. HP: 29/29 MP: 3/3
   943 | D:2      | Discovered your monstrous ancestry.
   943 | D:2      | Gained mutation: You have sharp fingernails. [demonic
                  | ancestry]
   943 | D:2      | Reached XP level 4. HP: 35/35 MP: 4/4
  1000 | D:2      | Reached skill level 1 in Long Blades
  1821 | D:3      | Gained mutation: You have a pair of small antennae on your
                  | head. [demonic ancestry]
  1821 | D:3      | Reached XP level 5. HP: 4/42 MP: 5/5
  1824 | D:3      | Noticed an ice beast
  1825 | D:3      | HP: 1/42 [orc priest/+0 flail (3)]
  1829 | D:3      | Slain by an adder

Illustrated notes

Levels and vault maps discovered:
D:1:      onia_arrival_mini_spirals, layout_rooms, kennysheep_boxes
D:2:      layout_loops_ring, serial_undead, serial_undead_d, serial_undead_f,
          serial_undead_a, serial_undead_a, serial_undead_b, serial_undead_d,
          minivault_25, fountainhead
D:3:      layout_basic, serial_bayou_ford_a

Skill      XL: |  1  2  3  4 |
---------------+-------------+-----
Unarmed Combat | 3 |  3.8
Dodging        | 3 |  3.5
Long Blades    | 1 |  1.6
Fighting       | |  3.9

Action                     |  1- 3 |  4- 6 || total
---------------------------+-------+-------++-------
  Melee: Unarmed           |    56 |       ||    56
         Long sword        |    83 |    91 ||   174
         Punch             |       |     2 ||     2
  Throw: Dart              |       |     3 ||     3
    Use: Potion            |     1 |     3 ||     4
   Stab: Sleeping          |     1 |     1 ||     2
 Armour: Robe              |    54 |    45 ||    99
         Leather armour    |       |    14 ||    14
  Dodge: Dodged            |   104 |    71 ||   175
